 Dungeon Crawl Stone Soup version 0.21.1-1-g345015f (webtiles) character file.

73 EtherFrog the Shield-Bearer (level 4, -1/35 HPs)
             Began as a Human Fighter on Mar 20, 2018.
             Slain by EtherFrog's ghost (2 damage)
             ... on level 3 of the Dungeon.
             The game lasted 00:04:34 (1586 turns).

EtherFrog the Shield-Bearer (Human Fighter)         Turns: 1586, Time: 00:04:34

Health: -1/35      AC:  6    Str: 16    XL:     4   Next: 51%
Magic:  4/4        EV:  7    Int:  8    God:
Gold:   176        SH:  9    Dex: 14    Spells: 3/3 levels left

rFire    . . .     SeeInvis .   a - +0 long sword
rCold    . . .     Gourm    .   c - +0 shield
rNeg     . . .     Faith    .   b - +0 scale mail
rPois    .         Spirit   .   (no helmet)
rElec    .         Reflect  .   (no cloak)
rCorr    .         Harm     .   (no gloves)
MR       .....                  (no boots)
Stlth    ..........             (no amulet)
HPRegen  0.11/turn              (no ring)
MPRegen  0.09/turn              (no ring)

@: no status effects
A: no striking features
a: no special abilities


You were on level 3 of the Dungeon.
You were not hungry.

You visited 1 branch of the dungeon, and saw 3 of its levels.

You collected 176 gold pieces.

Inventory:

Hand Weapons
 a - a +0 long sword (weapon)
 k - a +1 short sword of speed
Missiles
 e - 63 stones (quivered)
Armour
 b - a +0 scale mail (worn)
 c - a +0 shield (worn)
 j - a -1 cloak
Jewellery
 g - a cursed -3 ring of strength
 s - a -2 ring of protection
Scrolls
 h - a scroll of remove curse
 l - a scroll of immolation {unknown}
 p - a scroll of magic mapping {unknown}
 q - a scroll of identify
Potions
 d - 2 potions of might
 i - a potion of berserk rage {unknown}
 m - 2 potions of mutation {unknown}
 n - a potion of heal wounds {unknown}
 o - a potion of ambrosia {unknown}
Comestibles
 f - 4 rations
 r - 3 chunks of flesh


   Skills:
 * Level 3.4 Fighting
 * Level 2.7 Long Blades
 * Level 3.5 Armour
 + Level 1.0 Dodging
 * Level 3.5 Shields


You had 3 spell levels left.
You didn't know any spells.

Dungeon Overview and Level Annotations

Branches:
Dungeon (3/15)

Altars:
Nemelex Xobeh

Annotations:
D:3 EtherFrog's ghost, amateur MiBe


Message History

The giant cockroach bites you but does no damage.
EtherFrog's ghost whispers, "Everlasting silence awaits you..."
The giant cockroach bites you but does no damage.
You closely miss the giant cockroach.
The giant cockroach is almost dead.
You block the giant cockroach's attack.
EtherFrog's ghost hits you but does no damage.
The giant cockroach bites you but does no damage.
Found 7 gold pieces.
Your shield and scale mail prevent you from hitting the giant cockroach.
The giant cockroach is almost dead.
The giant cockroach bites you but does no damage.
You block the giant cockroach's attack. EtherFrog's ghost hits you.
* * * LOW HITPOINT WARNING * * *
The giant cockroach bites you.
* * * LOW HITPOINT WARNING * * *
You hit the giant cockroach.
You kill the giant cockroach!
EtherFrog's ghost hits you.
You die...

>....#. ... ..# #..)
#...##.# #... #......#
#.#. #.#.##.# #.#.
#.#.##.#####.#.
#.#.##.........
##########.#............
.......@Wo.#......$.....
###.#####..........#.##.
#.##.#######.##. #.##.#
#.##. #.##.# #.##.
....$# #.# . #.#### ...
#.# ... #.


You could see EtherFrog's ghost and an orc.

Vanquished Creatures
  Jessica (D:2)
  2 adders (D:2)
  A leopard gecko (D:1)
  6 giant cockroaches
  7 goblins
  3 hobgoblins
  2 kobolds
  2 bats
  A frilled lizard (D:2)
  A rat (D:1)
  A fungus (D:1)
27 creatures vanquished.

Notes
Turn   | Place    | Note
-------+----------+-------------------------------------------
     0 | D:1      | EtherFrog the Human Fighter began the quest for the Orb.
     0 | D:1      | Reached XP level 1. HP: 18/18 MP: 1/1
   142 | D:1      | Reached XP level 2. HP: 24/24 MP: 2/2
   702 | D:2      | Reached XP level 3. HP: 21/29 MP: 3/3
   760 | D:2      | Noticed Jessica
   770 | D:2      | Killed Jessica
   770 | D:2      | Reached skill level 1 in Dodging
   770 | D:2      | Reached XP level 4. HP: 18/35 MP: 4/4
   771 | D:2      | Found a sparkling altar of Nemelex Xobeh.
  1544 | D:3      | Noticed EtherFrog's ghost (amateur MiBe)
  1583 | D:3      | HP: 1/35 [giant cockroach (1)]
  1586 | D:3      | Slain by EtherFrog's ghost

Skill      XL: |  1  2  3 |
---------------+----------+-----
Dodging        | 1 |  1.0
Fighting       | |  3.4
Long Blades    | |  2.7
Armour         | |  3.5
Shields        | |  3.5

Action                   |  1- 3 |  4- 6 || total
-------------------------+-------+-------++-------
Melee: Long sword        |    76 |    18 ||    94
  Use: Scroll            |       |     4 ||     4
  Eat: Chunk             |       |     2 ||     2
Armor: Scale mail        |    28 |     8 ||    36
Dodge: Dodged            |    19 |     1 ||    20
Block: Shield            |    29 |    11 ||    40
       Rpst.: Long sword |     5 |       ||     5
